 Dungeon Crawl Stone Soup version 0.20.0-4-g10b340a (webtiles) character file.

467113 Gorglomux the Crack Shot (level 23, -6/213 HPs)
             Began as a Centaur Hunter on May 27, 2017.
             Was the Champion of Dithmenos.
             Killed from afar by a frost giant (51 damage)
             ... with a bolt of cold
             ... on level 4 of the Depths.
             The game lasted 02:11:49 (61746 turns).

Gorglomux the Crack Shot (Centaur Hunter)          Turns: 61746, Time: 02:11:50

Health: -6/213     AC: 41    Str: 14    XL:     23   Next: 47%
Magic:  35/35      EV:  6    Int: 17    God:    Dithmenos [******]
Gold:   1804       SH:  0    Dex: 21    Spells: 22/22 levels left

rFire    . . .     SeeInvis +   b - +7 glaive (freeze)
rCold    . . .     Gourm    .   (shield currently unavailable)
rNeg     . . .     Faith    +   s - +15 plate armour "Osu Cusm" {rC- SInv Stlth+}
rPois    .         Spirit   .   x - +2 helmet "Fupp" {Str+2 Stlth+}
rElec    .         Reflect  .   P - scarf {cloud immunity}
rCorr    .         Harm     .   k - +2 pair of gloves {Dex+3}
MR       +....                  S - +0 centaur barding "Zutumn" {*Drain Regen+ Str-3 Int+7}
Stlth    ..........             N - amulet of faith
Regen    0.9/turn               l - ring of flight
MPRegen  0.3/turn               c - ring of protection from cold

@: flayed, flying, wreathed by umbra, studying Invocations, drained, very quick
A: hooves 3, deformed body, speed 2, tough skin 3, weak 1
}: 2/15 runes: decaying, gossamer
a: Shadow Step, Shadow Form, Renounce Religion, Stop Flying


You were on level 4 of the Depths.
You worshipped Dithmenos.
Dithmenos was exalted by your worship.
You were not hungry.

You visited 8 branches of the dungeon, and saw 41 of its levels.
You visited the Abyss 1 time.
You also visited: Labyrinth and Ice Cave.

You collected 5264 gold pieces.
You spent 3460 gold pieces at shops.

Inventory:

Hand Weapons
 a - a +9 longbow of freezing
 b - a +7 glaive of freezing (weapon)
 i - a +4 quick blade of distortion
 n - the +8 shortbow of Amortisation {freeze, rPois}
   (You found it on level 3 of the Elven Halls)

   It causes projectiles fired from it to freeze those they strike, causing
   extra injury to most foes and up to half again as much damage against
   particularly susceptible opponents.
   They can also slow down cold-blooded creatures.
   It protects you from poison.
Missiles
 u - 198 arrows
 Z - 6 throwing nets (quivered)
Armour
 k - a +2 pair of gloves of dexterity (worn)
 s - the +15 plate armour "Osu Cusm" (worn) {rC- SInv Stlth+}
   (You found it on level 2 of the Spider Nest)

   It makes you vulnerable to cold.
   It lets you see invisible.
   It makes you more stealthy.
 x - the +2 helmet "Fupp" (worn) {Str+2 Stlth+}
   (You bought it in a shop on level 1 of the Orcish Mines)

   It affects your strength (+2).
   It makes you more stealthy.
 P - a scarf of cloud immunity (worn)
 S - the +0 centaur barding "Zutumn" (worn) {*Drain Regen+ Str-3 Int+7}
   (You acquired it on level 4 of the Swamp)

   It affects your strength (-3).
   It affects your intelligence (+7).
   It increases your rate of regeneration.
   It causes draining when unequipped.
Jewellery
 c - a ring of protection from cold (right hand)
 e - the ring "Noppypt" {rElec rF+ MR- SInv}
   (You found it on level 7 of the Dungeon)

   [ring of see invisible]

   It protects you from fire.
   It insulates you from electricity.
   It affects your resistance to hostile enchantments.
   It lets you see invisible.
 l - a ring of flight (left hand)
 m - an uncursed ring of protection from magic
 N - an amulet of faith (around neck)
Wands
 I - a wand of iceblast (5/15)
 L - a wand of iceblast (8/15)
 V - a wand of lightning (11/15)
Scrolls
 j - 25 scrolls of remove curse
 o - a scroll of brand weapon
 q - a scroll of silence
 w - a scroll of summoning
 y - 6 scrolls of recharging
 B - 5 scrolls of blinking
 D - 7 scrolls of fear
 J - 6 scrolls of fog
 M - 8 scrolls of magic mapping
 R - 23 scrolls of identify
 T - 14 scrolls of teleportation
 Y - 4 scrolls of enchant armour
Potions
 d - a potion of cancellation
 g - 2 potions of mutation
 p - 5 potions of haste
 v - a potion of invisibility
 A - 3 potions of resistance
 C - 4 potions of agility
 G - 3 potions of heal wounds
 H - 5 potions of might
 K - 2 potions of magic
 O - a potion of lignification
 Q - 12 potions of curing
Books
 h - the Almanac of Good Luck
   (You found it on level 2 of the Elven Halls)

   Spells                             Type                      Level
   a - Song of Slaying                Charms                       2
   b - Ozocubu's Armour               Charms/Ice                   3
   c - Spectral Weapon                Hexes/Charms                 3
   d - Excruciating Wounds            Charms/Necromancy            5
   e - Deflect Missiles               Charms/Air                   6
 E - a manual of Invocations
Miscellaneous
 U - a box of beasts
 W - 2 sacks of spiders
 X - a phial of floods (inert)
Comestibles
 f - 19 bread rations
 r - 8 chunks of flesh
 t - 21 royal jellies
 z - 22 meat rations
 F - 23 fruits


   Skills:
 + Level 19.2(17.7) Fighting
 + Level 14.3(13.0) Polearms
   Level 4.3(3.3) Slings
 - Level 23.0(21.4) Bows
 - Level 13.2(11.9) Armour
 - Level 13.5(12.2) Dodging
 - Level 0.4(0.0) Stealth
 + Level 17.6(16.1) Invocations
 - Level 7.5(6.4) Evocations


You had 22 spell levels left.
You didn't know any spells.

Dungeon Overview and Level Annotations

Branches:
Dungeon (15/15)            Temple (0/1) D:7            Lair (4/6) D:9
  Swamp (4/4) Lair:2       Spider (4/4) Lair:3          Orc (2/2) D:10
    Elf (3/3) Orc:2        Vaults (4/5) D:14          Crypt (0/3) Vaults:3
 Depths (5/5) D:15            Zot (0/5) Depths:5

Altars:
Ashenzari
Cheibriados
Dithmenos
Elyvilon
Kikubaaqudgha
Makhleb
Sif Muna
Uskayaw
Xom
Yredelemnul
Zin
Beogh

Shops:
D:11 *   Orc:1 [   Orc:2 ???!   Elf:1 =}}   Elf:2 %   Elf:3 ?**(
Vaults:1 **([=   Vaults:3 ((?   Depths:1 =   Depths:3 [*

Portals:
Hell: Depths:1 Depths:2 Depths:3 Depths:5
Pandemonium: Depths:1 Depths:2 Depths:3
Ziggurat: Depths:1

Annotations:
Depths:1 exclusion: orange crystal statue
Depths:4 exclusion: orange crystal statue


Innate Abilities, Weirdness & Mutations

You have hooves in place of feet.
Armour fits poorly on your strangely shaped body.
You cover ground very quickly.
You have extremely tough skin. (AC +3)
You are weak. (Str -2)


Message History

The mana viper hisses angrily.
The hell knight shouts!
The spectral centaur barely misses you.
Found an escape hatch in the floor.
The polar bear rages.
The spectral centaur barely misses you.
The spriggan berserker rages.
The elephant rages.
Marking area around the orange crystal statue as unsafe for travelling.
An orange crystal statue comes into view.
Found a potion of brilliance.
The spectral centaur hits you.
You feel drained.
The spriggan berserker rages.
The spectral centaur barely misses you.
The hell knight hits you from afar with an enchanted halberd.
The flayed ghost stares at you with tortured malice.
Terrible wounds open up all over your body!
* * * LOW HITPOINT WARNING * * *
The frost giant gestures at you while chanting.
The bolt of cold hits you!
You die...

#################
......^.........#
................# ##
≈≈............####.###
≈≈≈....##.....###...>#
≈≈≈≈######...###p...##
≈≈≈≈≈≈# ########≈≈S≈≈##
≈≈≈≈≈####≈≈≈≈≈≈Z@≈≈≈≈≈##
≈≈≈≈≈#8≈≈≈≈≈≈≈≈Y§≈≈≈≈≈≈##
≈≈≈≈≈≈≈≈≈≈≈≈≈≈≈§≈≈≈≈≈≈≈≈#
≈≈≈≈≈≈≈≈≈≈≈≈≈≈≈§≈≈≈≈≈≈≈≈#
≈≈≈≈≈≈≈≈≈≈≈≈≈≈C≈####≈≈≈≈#
≈≈≈≈≈≈≈≈≈#≈≈≈≈i≈≈## ##≈≈≈
...≈# ≈≈≈....W.≈≈≈# ≈≈
...## ≈≈#..§#..#### ≈
....## ##§§§§######


You could see a frost giant, an elephant (berserk), a hell knight, a flayed
ghost, a spriggan berserker (berserk), a mana viper and a spectral centaur.

Vanquished Creatures
  Boris (Vaults:2)
  A bone dragon (Depths:5)
  A golden dragon (Depths:2)
  Nikola (Spider:1)
  Jorgrun (Vaults:4)
  A tentacled monstrosity (Abyss:4)
  A lich (Depths:1)
  A quicksilver dragon (Depths:2)
  A titan (Depths:5)
  2 deep elf blademasters (Elf:3)
  3 tentacled starspawn (Abyss:4)
  3 sphinxes
  An ancient champion (Vaults:3)
  Agnes (D:15)
  5 tengu reavers
  3 storm dragons
  4 fire giants
  Donald (Spider:1)
  9 deep elf sorcerers (Elf:3)
  8 frost giants
  A draconian monk (Depths:5)
  5 ghost moths
  Louise (Spider:1)
  4 emperor scorpions
  An orc warlord (Vaults:4)
  12 vault wardens
  A reaper (Depths:3)
  3 deep elf elementalists (Elf:3)
  A draconian annihilator (Depths:5)
  9 ironheart preservers
  16 very ugly things
  3 entropy weavers
  A war gargoyle (Depths:4)
  The ghost of dysrexia the Grappler, a journeyman NaTm of Cheibriados (Lair:2)
  3 vampire knights
  An entropy weaver (shapeshifter) (Vaults:4)
  4 deep elf demonologists
  18 stone giants
  A white draconian (Depths:5)
  8 deep elf annihilators
  A green draconian (Depths:5)
  A black draconian (Depths:5)
  A yellow draconian (Abyss:4)
  A lorocyproca (Depths:1)
  A red draconian (Depths:5)
  13 spark wasps
  A purple draconian (Depths:5)
  Josephine (D:14)
  3 eidola (Depths:4)
  2 green deaths (Swamp:4)
  Snorg (Orc:2)
  8 ettins
  2 death oozes (Swamp:4)
  4 deep elf death magi (Elf:3)
  12 yaktaur captains
  4 minotaurs
  9 great orbs of eyes
  6 fire dragons
  12 ice dragons
  Erolcha (D:9)
  11 vault guards
  Harold (Orc:1)
  7 deep elf high priests
  14 ogre magi
  Fannar (Lair:3)
  5 rakshasas
  2 hell beasts
  5 death knights
  4 catoblepae
  2 spriggan air magi
  16 hydras
  A ghost crab (Swamp:1)
  Erica (D:9)
  40 two-headed ogres
  A queen ant (Spider:2)
  4 tengu warriors
  13 centaur warriors
  8 deep troll shamans
  9 alligators
  5 deep troll earth magi
  3 orc high priests (Orc:2)
  4 hell hogs (Abyss:4)
  5 spriggan berserkers
  2 vampire magi
  A soul eater (Depths:2)
  A hell knight (Depths:2)
  33 dancing weapons
  2 sun demons
  21 deep elf knights
  Nergalle (Orc:1)
  3 thrashing horrors
  2 wretched stars (Abyss:4)
  8 iron trolls
  3 shadow wraiths
  4 glowing orange brains
  11 deep trolls
  A spectral anaconda (Depths:4)
  2 unseen horrors
  5 skeletal warriors
  6 flayed ghosts
  5 wizards
  2 gelid demonspawn
  2 spriggan druids
  An infernal demonspawn (Depths:1)
  2 shambling mangroves
  5 harpies (Vaults:1)
  4 deep elf archers
  7 swamp dragons
  2 orb spiders (shapeshifter)
  A harpy (shapeshifter) (Depths:2)
  4 necromancers
  6 phantasmal warriors
  An oklob plant (D:10)
  13 orc knights
  14 ironbrand convokers
  3 manticores
  27 wolf spiders
  57 ugly things
  11 cyclopes
  55 deep elf magi
  14 orb spiders
  15 large abominations
  A cyclops (shapeshifter) (Elf:1)
  5 orc sorcerers (Orc:2)
  A moth of wrath (Spider:4)
  3 elephants (Lair:3)
  A stone giant skeleton (Vaults:3)
  2 apocalypse crabs (Abyss:4)
  Maurice (Orc:2)
  2 smoke demons
  2 naga magi (D:15)
  A rust devil (Depths:3)
  A black mamba (Lair:1)
  A black mamba (shapeshifter) (Depths:2)
  18 vault sentinels
  An ice statue (IceCv)
  The ghost of Gorglomux the Spear-Bearer, a novice MfMo (D:5)
  4 gargoyles
  11 spiny frogs
  2 rime drakes (shapeshifter)
  A komodo dragon (shapeshifter) (Vaults:2)
  5 spectral swamp worms (Depths:1)
  5 centaur skeletons
  An efreet (Abyss:4)
  42 yaktaurs
  A yaktaur (shapeshifter) (Vaults:4)
  5 demonic crawlers
  3 rime drakes
  7 komodo dragons
  17 freezing wraiths
  2 spectral merfolk (Depths:4)
  A hellwing (Abyss:4)
  A merfolk (shapeshifter) (Vaults:1)
  4 meliai
  An ice devil (Depths:1)
  2 yaktaur skeletons (Vaults:3)
  A meliai (shapeshifter) (Vaults:2)
  9 tyrant leeches
  A queen bee (Lair:4)
  A queen bee (shapeshifter) (Vaults:2)
  9 trolls
  A tengu simulacrum (Vaults:3)
  6 tengu conjurers
  29 jumping spiders
  A polar bear (shapeshifter) (Depths:2)
  17 blink frogs
  16 hornets
  8 raiju
  A raiju (shapeshifter) (Depths:5)
  12 hippogriffs
  A meliai zombie (D:14)
  22 slime creatures
  A fire giant simulacrum (Vaults:1)
  12 bog bodies
  5 air elementals
  9 shadows
  A spriggan (shapeshifter) (Vaults:2)
  A ynoxinul (Depths:2)
  30 tarantellas
  Sigmund (D:3)
  5 spriggans
  37 yaks
  12 water elementals
  60 redbacks
  A yak (shapeshifter) (Elf:2)
  3 vampires
  10 wraiths
  A wyvern (shapeshifter) (Vaults:4)
  5 basilisks
  5 small abominations
  A basilisk (shapeshifter) (Elf:1)
  3 hungry ghosts
  3 neqoxecs
  A steam dragon (D:10)
  2 fire elementals (Elf:3)
  19 vampire mosquitoes
  2 death yak simulacra (IceCv)
  A steam dragon (shapeshifter) (Vaults:1)
  2 chaos spawn
  18 swamp worms
  10 wargs
  9 insubstantial wisps
  15 soldier ants (Spider:2)
  An acid dragon (D:12)
  2 floating eyes (Depths:2)
  9 porcupines
  A spectral troll (Depths:4)
  12 water moccasins
  4 hell hounds (Depths:4)
  3 swamp drakes
  34 orc warriors
  A sky beast (shapeshifter) (Vaults:1)
  6 sky beasts
  2 spectral spriggans (Depths:4)
  An eye of draining (D:10)
  8 ice beasts
  29 ogres
  3 phantoms
  An eye of draining (shapeshifter) (Vaults:2)
  An ogre (shapeshifter) (Vaults:4)
  3 black bears (D:9)
  13 centaurs
  10 wolves
  21 boggarts
  8 crocodiles
  4 big kobolds
  19 bullfrogs
  An earth elemental (Elf:3)
  9 scorpions
  An elf simulacrum (Vaults:2)
  A spectral naga (Depths:4)
  39 killer bees
  An elephant simulacrum (IceCv)
  4 wights (D:11)
  2 spectral centaurs (Depths:4)
  An electric eel (Spider:2)
  A howler monkey (D:5)
  11 crimson imps
  A bullfrog zombie (D:12)
  5 quasits
  9 starcursed masses (Abyss:4)
  2 centaur zombies
  2 draconian simulacra (IceCv)
  5 hounds
  Crazy Yiuf (D:3)
  A bullfrog skeleton (D:7)
  2 jellies
  26 orc priests
  23 orc wizards
  3 iguanas
  2 hell rats (Lair:2)
  38 worker ants
  Terence (D:2)
  4 spriggan simulacra (IceCv)
  5 troll simulacra (IceCv)
  A wolf simulacrum (IceCv)
  A centaur simulacrum (IceCv)
  2 worker ant zombies
  7 gnolls (Orc:2)
  A howler monkey skeleton (D:10)
  17 adders
  6 naga simulacra (IceCv)
  3 ogre simulacra
  11 river rats (Lair:2)
  4 shadow imps
  26 white imps
  An ooze (D:4)
  An adder skeleton (D:9)
  5 dart slugs
  4 leopard geckos
  111 orcs
  5 giant cockroaches
  8 goblins
  7 hobgoblins
  7 jackals
  29 kobolds
  4 quokkas
  2 ball pythons
  6 bats
  3 frilled lizards
  3 quokka skeletons
  6 rats
  A crawling corpse (Elf:3)
  A fungus (D:9)
  3 plants
2005 creatures vanquished.

Vanquished Creatures (others)
  A stone giant (Depths:3)
  An unseen horror (Depths:1)
  A water elemental (Elf:3)
  A jelly (D:5)
  2 hounds (D:5)
  3 worker ants (D:5)
  3 adders
  An orc (D:5)
  A quokka (D:5)
  9 fungi
  10 plants
  15 starspawn tentacles (Abyss:4)
48 creatures vanquished.

Grand Total: 2053 creatures vanquished

Notes
Turn   | Place    | Note
-------+----------+-------------------------------------------
     0 | D:1      | Gorglomux the Centaur Hunter began the quest for the Orb.
     0 | D:1      | Reached XP level 1. HP: 17/17 MP: 1/1
   259 | D:1      | Reached XP level 2. HP: 17/25 MP: 2/2
   294 | D:1      | Reached skill level 3 in Fighting
   837 | D:2      | Reached XP level 3. HP: 29/31 MP: 3/3
  1205 | D:2      | Found a deep blue altar of Sif Muna.
  1384 | D:2      | Found an ancient bone altar of Kikubaaqudgha.
  1412 | D:2      | Noticed Terence
  1427 | D:2      | Killed Terence
  1427 | D:2      | Reached XP level 4. HP: 36/41 MP: 4/4
  1639 | D:3      | Noticed Sigmund
  1699 | D:3      | Killed Sigmund
  1699 | D:3      | Reached skill level 6 in Fighting
  1699 | D:3      | Reached XP level 5. HP: 33/51 MP: 5/5
  1699 | D:3      | Reached XP level 6. HP: 38/58 MP: 6/6
  2223 | D:3      | Found a runed door.
  2302 | D:3      | Noticed Crazy Yiuf
  2398 | D:3      | Killed Crazy Yiuf
  3457 | D:4      | Found a shattered altar of Ashenzari.
  3478 | D:4      | Found a glowing silver altar of Zin.
  3481 | D:4      | Found a basalt altar of Yredelemnul.
  3484 | D:4      | Found a shadowy altar of Dithmenos.
  3488 | D:4      | Became a worshipper of Dithmenos the Shadowed
  3658 | D:4      | Reached XP level 7. HP: 56/67 MP: 7/7
  4006 | D:5      | Entered Level 5 of the Dungeon
  4055 | D:5      | Noticed Gorglomux's ghost (novice MfMo)
  4386 | D:5      | Reached skill level 9 in Fighting
  4492 | D:5      | Killed Gorglomux's ghost
  4492 | D:5      | Reached XP level 8. HP: 18/79 MP: 8/8
  4782 | D:5      | Reached * piety under Dithmenos
  4858 | D:5      | Found a shimmering altar of Xom.
  5234 | D:5      | Found a shimmering altar of Xom.
  5320 | D:5      | Found a white marble altar of Elyvilon.
  5501 | D:6      | Reached skill level 1 in Bows
  5548 | D:6      | Reached skill level 2 in Bows
  5793 | D:6      | Reached skill level 3 in Bows
  5901 | D:6      | Reached skill level 4 in Bows
  6150 | D:6      | Reached skill level 5 in Bows
  6221 | D:6      | Reached skill level 6 in Bows
  6410 | D:6      | Reached ** piety under Dithmenos
  6655 | D:6      | Reached skill level 7 in Bows
  6655 | D:6      | Reached XP level 9. HP: 74/86 MP: 9/9
  6968 | D:7      | Reached skill level 8 in Bows
  7218 | D:7      | Got a brightly glowing granite ring
  7228 | D:7      | Identified the ring "Noppypt" {rElec rF+ MR- SInv} (You found it on level 7 of the Dungeon)
  7308 | D:7      | Reached skill level 9 in Bows
  7510 | D:7      | Found a staircase to the Ecumenical Temple.
  7701 | D:7      | Reached skill level 10 in Bows
  8315 | D:8      | Reached *** piety under Dithmenos
  8420 | D:8      | Reached skill level 11 in Bows
  8758 | D:8      | Found a burning altar of Makhleb.
  8991 | D:8      | Reached skill level 12 in Bows
  8994 | D:8      | Got an encrusted broad axe {flame}
  8995 | D:8      | Identified the +10 broad axe "Nuasyrphy" {flame, rElec Int+3} (You took it off a crimson imp on level 8 of the Dungeon)
  9071 | D:9      | Found a staircase to the Lair.
  9148 | D:9      | Reached XP level 10. HP: 91/94 MP: 10/10
  9237 | D:9      | Reached **** piety under Dithmenos
  9280 | D:9      | Noticed Erolcha
  9352 | D:9      | Killed Erolcha
  9352 | D:9      | Reached skill level 13 in Bows
  9642 | D:9      | Reached skill level 14 in Bows
  9755 | D:9      | Noticed Erica
  9836 | D:9      | Killed Erica
 10177 | D:10     | Entered Level 10 of the Dungeon
 10177 | D:10     | Noticed an oklob plant
 10192 | D:10     | Killed an oklob plant
 10192 | D:10     | Reached skill level 15 in Bows
 10549 | D:10     | Reached skill level 1 in Armour
 10905 | D:10     | Found a staircase to the Orcish Mines.
 10973 | D:10     | Reached XP level 11. HP: 95/101 MP: 1/11
 11120 | D:10     | Reached ***** piety under Dithmenos
 11476 | D:10     | Found a roughly hewn altar of Beogh.
 11895 | D:10     | Reached skill level 16 in Bows
 12146 | D:11     | Noticed a death knight
 12222 | D:10     | Killed a death knight
 12632 | D:11     | Found Zipnuad's Assorted Antiques.
 12682 | D:11     | Bought a scroll labeled LAOFOCKOMMA for 18 gold pieces
 12682 | D:11     | Bought a scroll labeled MUITUSA KIAMA for 18 gold pieces
 12682 | D:11     | Bought a scroll labeled LAOFOCKOMMA for 18 gold pieces
 12791 | D:11     | Reached skill level 3 in Dodging
 13136 | D:11     | Found a burning altar of Makhleb.
 13482 | Lair:1   | Entered Level 1 of the Lair of Beasts
 13484 | Lair:1   | Noticed a seven-headed hydra
 13498 | Lair:1   | Killed a seven-headed hydra
 13498 | Lair:1   | Reached skill level 3 in Armour
 14463 | Lair:1   | Noticed a six-headed hydra
 14514 | Lair:1   | Killed a six-headed hydra
 15191 | Lair:2   | Reached XP level 12. HP: 41/111 MP: 12/12
 16294 | Lair:2   | Noticed dysrexia's ghost (journeyman NaTm)
 16511 | Lair:2   | Killed dysrexia's ghost
 17110 | Lair:2   | Reached skill level 12 in Fighting
 17164 | Lair:2   | Reached skill level 17 in Bows
 17667 | Lair:2   | Found a staircase to the Swamp.
 17757 | Lair:3   | Noticed Fannar
 18246 | Lair:3   | Killed Fannar
 18906 | Lair:3   | Found a hole to the Spider Nest.
 18993 | Lair:3   | Noticed a four-headed hydra
 19000 | Lair:3   | Killed a four-headed hydra
 21225 | Lair:4   | Reached ****** piety under Dithmenos
 21225 | Lair:4   | Reached XP level 13. HP: 98/119 MP: 13/13
 21235 | Lair:4   | Reached skill level 6 in Dodging
 22387 | Lair:4   | Reached skill level 18 in Bows
 22520 | Lair:4   | Reached skill level 6 in Armour
 23197 | D:12     | Reached skill level 1 in Polearms
 23836 | D:12     | Reached skill level 1 in Invocations
 24177 | D:13     | Found a labyrinth entrance.
 24247 | Lab      | Entered a labyrinth
 24405 | Lab      | Noticed a minotaur
 24424 | Lab      | Killed a minotaur
 24832 | D:13     | Reached skill level 3 in Polearms
 24908 | D:13     | Identified the Handbook of Displacement and Transformation
 25240 | D:14     | Noticed Josephine
 25250 | D:14     | Killed Josephine
 25252 | D:14     | Reached skill level 3 in Invocations
 25553 | D:14     | Reached XP level 14. HP: 93/129 MP: 16/16
 25947 | D:14     | Found a gate to the Vaults.
 25986 | D:14     | Identified a scroll of acquirement
 25989 | D:14     | Got a shimmering shortbow
 25990 | D:14     | Identified the +4 shortbow "Ruaj Eck" {venom, Int+2} (You acquired it on level 14 of the Dungeon)
 26789 | D:15     | Entered Level 15 of the Dungeon
 27068 | D:15     | Reached skill level 19 in Bows
 27110 | D:15     | Found a snail-covered altar of Cheibriados.
 27148 | D:15     | Noticed Agnes
 27535 | D:15     | Killed Agnes
 27926 | D:15     | Reached skill level 6 in Invocations
 28372 | D:15     | Reached XP level 15. HP: 79/138 MP: 19/19
 28513 | D:15     | Found a staircase to the Depths.
 28820 | Orc:1    | Entered Level 1 of the Orcish Mines
 29037 | Orc:1    | Noticed Nergalle
 29050 | Orc:1    | Killed Nergalle
 29095 | Orc:1    | Found Mydi Ewk's Armour Emporium.
 29124 | Orc:1    | Noticed Harold
 29137 | Orc:1    | Killed Harold
 29194 | Orc:1    | Bought the +2 helmet "Fupp" {Str+2 Stlth+} for 342 gold pieces
 29367 | Orc:2    | Entered Level 2 of the Orcish Mines
 29430 | Orc:2    | Noticed Snorg
 29438 | Orc:2    | Killed Snorg
 29482 | Orc:2    | Found a frozen archway.
 29495 | Orc:2    | Noticed Maurice
 29504 | Orc:2    | Killed Maurice
 29550 | IceCv    | Entered an ice cave
 29962 | IceCv    | Found an ancient bone altar of Kikubaaqudgha.
 30146 | IceCv    | Reached skill level 6 in Polearms
 30477 | Orc:2    | Found a staircase to the Elven Halls.
 30577 | Orc:2    | Paralysed by an orc sorcerer for 3 turns
 30799 | Orc:2    | Found a roughly hewn altar of Beogh.
 31136 | Orc:2    | Found Qiotemp's Magic Scroll Boutique.
 31136 | Orc:2    | Found Nabliukas's Magic Scroll Emporium.
 31145 | Orc:2    | Found Kaop Sanamo's Distillery.
 31145 | Orc:2    | Found Zigelec's Magic Scroll Boutique.
 31194 | Orc:2    | Bought 3 scrolls of random uselessness for 42 gold pieces
 31197 | Orc:2    | Bought a potion of lignification for 42 gold pieces
 31197 | Orc:2    | Bought a potion of heal wounds for 70 gold pieces
 31197 | Orc:2    | Bought a potion of agility for 56 gold pieces
 31199 | Orc:2    | Bought a scroll of enchant armour for 105 gold pieces
 31199 | Orc:2    | Bought a scroll of blinking for 105 gold pieces
 31199 | Orc:2    | Bought a scroll of summoning for 133 gold pieces
 31199 | Orc:2    | Bought a scroll of enchant weapon for 105 gold pieces
 31199 | Orc:2    | Bought 2 scrolls of magic mapping for 98 gold pieces
 31199 | Orc:2    | Bought a scroll of teleportation for 42 gold pieces
 31202 | Orc:2    | Bought a scroll of brand weapon for 280 gold pieces
 31202 | Orc:2    | Bought a scroll of teleportation for 42 gold pieces
 31202 | Orc:2    | Bought a scroll of teleportation for 42 gold pieces
 31202 | Orc:2    | Bought a scroll of enchant weapon for 105 gold pieces
 31210 | Orc:2    | Bought a scroll of teleportation for 42 gold pieces
 31210 | Orc:2    | Bought a scroll of teleportation for 42 gold pieces
 31210 | Orc:2    | Bought a scroll of blinking for 105 gold pieces
 31210 | Orc:2    | Bought a scroll of fear for 49 gold pieces
 31213 | Orc:2    | Bought a scroll of fear for 49 gold pieces
 31591 | Swamp:1  | Entered Level 1 of the Swamp
 33187 | Swamp:2  | Reached XP level 16. HP: 147/147 MP: 22/22
 34082 | Swamp:4  | Entered Level 4 of the Swamp
 34084 | Swamp:4  | Reached skill level 9 in Armour
 34089 | Swamp:4  | Reached skill level 9 in Dodging
 34123 | Swamp:4  | Got an ancient centaur barding
 34129 | Swamp:4  | Identified the +0 centaur barding "Zutumn" {*Drain Regen+ Str-3 Int+7} (You acquired it on level 4 of the Swamp)
 34244 | Swamp:4  | Reached skill level 20 in Bows
 35478 | Swamp:4  | Reached skill level 9 in Invocations
 35490 | Swamp:4  | Reached skill level 15 in Fighting
 35533 | Swamp:4  | Got a decaying rune of Zot
 36489 | Vaults:1 | Entered Level 1 of the Vaults
 36656 | Vaults:1 | Found Icoasheu's Assorted Antiques.
 36904 | Vaults:1 | Found Xabiurphadu's General Store.
 36915 | Vaults:1 | Bought a potion of might for 68 gold pieces
 36915 | Vaults:1 | Bought a potion of agility for 68 gold pieces
 36915 | Vaults:1 | Bought a scroll of enchant weapon for 127 gold pieces
 36981 | Vaults:1 | Found Kerrudi's Weapon Emporium.
 37010 | Vaults:1 | Found Buyqef's Jewellery Boutique.
 37372 | Vaults:1 | Found Nilaex's Antique Armour Shoppe.
 37463 | Vaults:1 | Reached XP level 17. HP: 154/156 MP: 24/24
 38497 | Vaults:2 | Reached skill level 9 in Polearms
 38510 | Vaults:2 | Reached skill level 21 in Bows
 38604 | Vaults:2 | Noticed Boris
 38674 | Vaults:2 | Killed Boris
 39167 | Vaults:2 | Reached XP level 18. HP: 148/166 MP: 26/26
 40026 | Vaults:3 | Found Kismus's Magic Scroll Emporium.
 40036 | Vaults:3 | Bought a scroll of enchant armour for 157 gold pieces
 40077 | Vaults:3 | Found Naucs's Antique Weapon Shop.
 40561 | Vaults:3 | Found a staircase to the Crypt.
 41053 | Vaults:3 | Found Dutay's Weapon Boutique.
 41827 | Vaults:4 | Reached skill level 12 in Invocations
 42004 | Vaults:4 | Got a twisted robe
 42015 | Vaults:4 | Identified the +3 robe "Soes" {Regen+} (You found it on level 4 of the Vaults)
 42181 | Vaults:4 | Reached XP level 19. HP: 174/174 MP: 28/28
 42342 | Vaults:4 | Reached skill level 22 in Bows
 42508 | Vaults:4 | Noticed Jorgrun
 42519 | Vaults:4 | Killed Jorgrun
 43628 | Spider:1 | Entered Level 1 of the Spider Nest
 43676 | Spider:1 | Noticed Louise
 43709 | Spider:1 | Killed Louise
 43951 | Spider:1 | Noticed Donald
 43956 | Spider:1 | Killed Donald
 44018 | Spider:1 | Noticed Nikola
 44029 | Spider:1 | Killed Nikola
 45321 | Spider:2 | Got a polished plate armour
 45332 | Spider:2 | Identified the +15 plate armour "Osu Cusm" {rC- SInv Stlth+} (You found it on level 2 of the Spider Nest)
 46117 | Spider:4 | Entered Level 4 of the Spider Nest
 46235 | Spider:4 | Reached XP level 20. HP: 184/184 MP: 29/29
 46981 | Spider:4 | Got a gossamer rune of Zot
 47520 | Depths:1 | Entered Level 1 of the Depths
 47520 | Depths:1 | Found a gateway to Hell.
 47764 | Vaults:1 | Bought an uncursed ring of protection from cold for 425 gold pieces
 48325 | Depths:1 | Found a one-way gate leading to the halls of Pandemonium.
 48362 | Depths:1 | Found a gateway to a ziggurat.
 48407 | Depths:1 | Found Emips's Jewellery Shoppe.
 48691 | Depths:1 | Reached skill level 12 in Dodging
 49041 | Depths:1 | Reached skill level 23 in Bows
 49575 | Depths:2 | Reached skill level 12 in Polearms
 49780 | Depths:2 | Paralysed by a vampire knight for 4 turns
 49930 | Depths:1 | Reached skill level 1 in Evocations
 49939 | Depths:1 | Reached skill level 12 in Armour
 49960 | Depths:1 | HP: 9/187 [poisoned by a green very ugly thing]
 49965 | Depths:1 | HP: 5/187 [poisoned by a green very ugly thing]
 49970 | Depths:1 | HP: 4/187 [poisoned by a green very ugly thing]
 49976 | Depths:1 | HP: 4/187 [poisoned by a green very ugly thing]
 49982 | Depths:1 | HP: 6/187 [poisoned by a green very ugly thing]
 49988 | Depths:1 | HP: 9/187 [poisoned by a green very ugly thing]
 50371 | Depths:2 | Reached XP level 21. HP: 193/193 MP: 31/31
 50380 | Depths:2 | Noticed a golden dragon
 50878 | Depths:2 | Killed a golden dragon
 51569 | Depths:2 | Reached skill level 3 in Evocations
 51719 | Depths:3 | Found a hide-covered altar of Uskayaw.
 51908 | Depths:3 | Found Fyppy's General Store.
 51915 | Depths:3 | Found Xucuvo's Armour Shop.
 52461 | Depths:3 | Reached skill level 18 in Fighting
 53334 | Depths:5 | Entered Level 5 of the Depths
 53339 | Depths:5 | Reached skill level 15 in Invocations
 53432 | Depths:5 | Paralysed by a vampire knight for 4 turns
 53569 | Depths:5 | Found a gate to the Realm of Zot.
 54263 | Depths:5 | Reached XP level 22. HP: 167/202 MP: 33/33
 54783 | Depths:5 | Found a burning altar of Makhleb.
 55340 | Elf:1    | Entered Level 1 of the Elven Halls
 55607 | Elf:1    | Found Qeacs's Jewellery Emporium.
 55607 | Elf:1    | Found Xyefec's Gadget Boutique.
 55612 | Elf:1    | Found Jacan's Gadget Boutique.
 56238 | Elf:1    | Reached skill level 6 in Evocations
 56478 | Elf:2    | Found a runed gate.
 56478 | Elf:2    | Found a runed gate.
 56478 | Elf:2    | Found a runed gate.
 57197 | Elf:2    | Found Muotz's Food Emporium.
 57367 | Elf:2    | Identified the Almanac of Good Luck
 57540 | Elf:3    | Entered Level 3 of the Elven Halls
 57612 | Elf:3    | Found Onuilec's General Store.
 57737 | Elf:3    | Found Vutrus's Assorted Antiques.
 57783 | Elf:3    | Found Laniesi's Weapon Shoppe.
 58091 | Elf:3    | Found Codazil's Magic Scroll Shoppe.
 58097 | Elf:3    | Bought a scroll of enchant weapon for 105 gold pieces
 58097 | Elf:3    | Bought a scroll of brand weapon for 280 gold pieces
 58781 | Elf:3    | Reached XP level 23. HP: 169/211 MP: 35/35
 58946 | Elf:3    | Got a pitted shortbow
 58947 | Elf:3    | Identified the +8 shortbow of Amortisation {freeze, rPois} (You found it on level 3 of the Elven Halls)
 59002 | Elf:3    | Identified the Disquisition on Entrancing Summoning
 59227 | Elf:2    | Gained mutation: You are weak. (Str -2) [mutagenic glow]
 59320 | Elf:2    | Cast into level 4 of the Abyss (a distortion unwield)
 59325 | Abyss:4  | Found a corrupted altar of Lugonu.
 59370 | Abyss:4  | Found a shattered altar of Ashenzari.
 59410 | Abyss:4  | Found a shattered altar of Ashenzari.
 60243 | Elf:2    | Escaped the Abyss
 60694 | Depths:1 | Bought an uncursed ring of flight for 280 gold pieces
 61746 | Depths:4 | Killed from afar by a frost giant

Skill      XL: |  1  2  3  4  5  6  7  8  9 10 11 12 13 14 15 16 17 18 19 20 21 22 23 |
---------------+----------------------------------------------------------------------+-----
Fighting       | 3 4 6 7 9 10 11 12 13 14 15 16 17 18 19 | 19.2
Bows           | 7 12 15 16 17 18 19 20 21 22 23 | 23.0
Armour         | 1 4 5 6 7 8 9 10 11 12 13 | 13.2
Dodging        | 2 4 5 7 8 9 10 11 12 13 | 13.5
Polearms       | 3 5 6 8 9 10 11 12 13 14 | 14.3
Invocations    | 3 6 8 9 11 12 13 14 15 16 17 | 17.6
Evocations     | 1 5 7 |  7.5
Slings         | |  4.3
Stealth        | |  0.4

Action                   |  1- 3 |  4- 6 |  7- 9 | 10-12 | 13-15 | 16-18 | 19-21 | 22-24 || total
-------------------------+-------+-------+-------+-------+-------+-------+-------+-------++-------
Melee: Short sword       |       |     2 |     4 |    74 |       |       |       |       ||    80
       Hunting sling     |       |       |     1 |       |       |       |       |       ||     1
       Kick              |       |       |       |    35 |    16 |     4 |     4 |   110 ||   169
       Glaive            |       |       |       |       |     9 |       |       |   308 ||   317
       Bardiche          |       |       |       |       |    24 |       |    12 |       ||    36
       Unarmed           |       |       |       |       |       |     6 |       |       ||     6
       Longbow           |       |       |       |       |       |     1 |     6 |       ||     7
 Fire: Hunting sling     |   111 |   210 |   592 |   899 |    39 |       |       |       ||  1851
       Shortbow          |       |       |    77 |   798 |   192 |       |       |       ||  1067
       Longbow           |       |       |       |    18 |  1169 |  1216 |  1636 |   698 ||  4737
Throw: Stone             |       |       |       |    13 |       |       |       |       ||    13
       Throwing net      |       |       |       |       |       |       |       |     3 ||     3
Invok: Shadow Form       |       |       |       |       |       |       |     1 |     2 ||     3
 Abil: Evoke Flight      |       |       |       |       |       |       |       |     2 ||     2
Evoke: Wand              |       |       |       |       |     6 |     1 |     3 |     1 ||    11
       Phial of floods   |       |       |       |       |       |       |       |     1 ||     1
  Use: Potion            |       |     3 |       |     5 |     2 |     4 |     2 |     6 ||    22
       Scroll            |       |       |     4 |     6 |    28 |     6 |     5 |     8 ||    57
 Stab: Petrified         |       |       |       |       |       |       |       |     5 ||     5
  Eat: Chunk             |       |     6 |    14 |    25 |    26 |    21 |    24 |    14 ||   130
       Meat ration       |       |       |       |     1 |       |       |     1 |     1 ||     3
       Royal jelly       |       |       |       |       |     2 |       |       |       ||     2
Armor: Leather armour    |    11 |    43 |    20 |       |       |       |       |       ||    74
       Pearl dragon scal |       |       |    90 |   359 |   288 |   137 |    70 |       ||   944
       Plate armour      |       |       |       |       |       |       |   392 |   429 ||   821
Dodge: Dodged            |    17 |    52 |   159 |   469 |   425 |   145 |   242 |   186 ||  1695
